 Dungeon Crawl Stone Soup version 0.22-a0-422-g9628fc8 (webtiles) character file.

2237 gottagoquickly the Cleaver (level 9, -5/118 HPs)
             Began as a Minotaur Berserker on May 20, 2018.
             Was a Believer of Trog.
             Slain by a troll (9 damage)
             ... on level 9 of the Dungeon.
             The game lasted 00:09:21 (1810 turns).

gottagoquickly the Cleaver (Minotaur Berserker)     Turns: 1810, Time: 00:09:21

Health: -5/118     AC: 24    Str: 20 (23) XL:     9   Next: 14%
Magic:  8/8        EV:  2    Int:  3 (5)  God:    Trog [**....]
Gold:   177        SH:  0    Dex:  9 (11) Spells: 8/8 levels left

rFire    . . .     SeeInvis .   a - +0 hand axe
rCold    . . .     Gourm    .   (no shield)
rNeg     + + +     Faith    .   (armour currently unavailable)
rPois    +         Spirit   .   (helmet currently unavailable)
rElec    .         Reflect  .   (cloak currently unavailable)
rCorr    .         Harm     .   (gloves currently unavailable)
MR       ++...     NoTele   +   (boots currently unavailable)
Stlth    +.........             (no amulet)
HPRegen  1.29/turn              (no ring)
MPRegen  0.11/turn              (no ring)

@: lethally poisoned (-5 -> -5), tree-form, berserk cooldown, regenerating,
slowed, very slow
A: (retaliatory headbutt)
a: Berserk, Trog's Hand, Renounce Religion


You were on level 9 of the Dungeon.
You worshipped Trog.
Trog was pleased with you.
You were near starving.
You were a tree.
You visited 1 branch of the dungeon, and saw 9 of its levels.

You collected 177 gold pieces.

Inventory:

Hand Weapons
 a - a +0 hand axe (weapon)
Armour
 b - a +0 animal skin
 h - a +0 cloak (melded)
 i - a +0 ring mail
 n - a +0 scale mail
 t - a +0 plate armour (melded)
Jewellery
 q - an uncursed ring of ice
Scrolls
 e - 3 scrolls of teleportation
 g - a scroll of identify {unknown}
 l - a scroll of magic mapping {unknown}
 o - a scroll of enchant weapon {unknown}
 s - a scroll of fog {unknown}
Potions
 c - a potion of lignification {!q}
 f - a potion of might {unknown}
 j - 3 potions of degeneration
 k - 2 potions of flight {unknown}
 m - a potion of agility {unknown}
 r - a potion of haste {unknown}
Comestibles
 d - 4 rations
 p - a chunk of flesh


   Skills:
 * Level 7.4 Fighting
 * Level 11.9 Axes
 + Level 5.0 Armour
 - Level 4.0 Dodging


You had 8 spell levels left.
You didn't know any spells.
Your spell library was empty.

Dungeon Overview and Level Annotations

Branches:
Dungeon (9/15)                Orc (0/2) D:9
 Temple: D:4-7         Lair: D:8-11

Altars:
Makhleb
Uskayaw


Innate Abilities, Weirdness & Mutations

((You reflexively headbutt those who attack you in melee.))
((You have a pair of horns on your head.))


Message History

You slash the troll!
The troll is almost dead.
You feel sick.
The orc warrior hits you from afar with a trident.
* * * LOW HITPOINT WARNING * * *
The troll bites you but does no damage. The troll claws you.
* * * LOW HITPOINT WARNING * * *
The troll claws you but does no damage.
You closely miss the troll.
The troll is severely wounded.
The orc warrior hits you from afar with a trident.
* * * LOW HITPOINT WARNING * * *
The troll bites you but does no damage.
The troll claws you but does no damage. x2
It was a potion of degeneration.
There was something very wrong with that liquid.
You feel weakened.
You feel dopey.
You feel clumsy.
The orc warrior hits you from afar with a trident.
* * * LOW HITPOINT WARNING * * *
The troll bites you!
You die...

...##########....#..............#
...#†............#...... ........
...#<.........(..#.....####.####.
...#÷†......#..).#.....##.....##.
...#........#.(.......=#.......#.
...#........#.)........#.......#.
............#.............._.....
.........#######.#.....#.......#.
.........# #♣#.....#.......#.
.........# #T#.....##.....##.
####.....#.ogo.oK#.....####.####.
.........#.o.oo#.#..>............
.........#8..K8#.#....#....#.....
.........#######.#....#....#.....
............#....#....#....#.....
...#........#....#....#....#....#
...#........#....#..######.######


You could see a troll, 2 orc warriors and 2 big kobolds.

Vanquished Creatures
  2 hippogriffs (D:7)
  Menkaure (D:6)
  A porcupine (D:8)
  2 orc warriors
  An ice beast (D:7)
  2 ogres
  A necrophage (D:7)
  A centaur (D:6)
  Blork the orc (D:6)
  3 big kobolds
  3 bullfrogs
  A gnoll sergeant (D:9)
  A scorpion (D:6)
  7 howler monkeys
  A crimson imp (D:7)
  A centaur skeleton (D:7)
  2 worker ants
  2 worker ant zombies
  3 adders
  A river rat (D:8)
  An ooze (D:2)
  3 adder skeletons
  An adder zombie (D:6)
  4 worms
  A leopard gecko (D:7)
  8 orcs
  A giant cockroach (D:2)
  2 goblins (D:2)
  2 hobgoblins
  2 jackals (D:6)
  2 bats
  A frilled lizard (D:4)
  8 kobolds
  A quokka skeleton (D:6)
  A rat (D:7)
75 creatures vanquished.

Notes
Turn   | Place    | Note
-------+----------+-------------------------------------------
     0 | D:1      | gottagoquickly the Minotaur Berserker began the quest for the Orb.
     0 | D:1      | Reached XP level 1. HP: 19/19 MP: 0/0
    84 | D:2      | Reached skill level 4 in Axes
    84 | D:2      | Reached XP level 2. HP: 26/26 MP: 1/1
   208 | D:3      | Reached skill level 5 in Axes
   208 | D:3      | Reached XP level 3. HP: 31/31 MP: 2/2
   306 | D:5      | Entered Level 5 of the Dungeon
   379 | D:5      | HP: 6/31 [worker ant (4)]
   381 | D:5      | Reached skill level 6 in Axes
   381 | D:5      | Reached XP level 4. HP: 11/39 MP: 3/3
   384 | D:5      | HP: 10/58 [poisoned by a worker ant]
   392 | D:5      | HP: 10/58 [poisoned by a worker ant]
   446 | D:5      | Noticed a slave
   463 | D:6      | Noticed Blork the orc
   475 | D:6      | HP: 11/58 [Blork the orc/puff of flame (4)]
   477 | D:6      | Killed Blork the orc
   477 | D:6      | Reached skill level 7 in Axes
   477 | D:6      | Reached XP level 5. HP: 13/45 MP: 4/4
   592 | D:6      | Noticed Menkaure
   616 | D:6      | Killed Menkaure
   616 | D:6      | Reached skill level 8 in Axes
   616 | D:6      | Reached XP level 6. HP: 31/51 MP: 5/5
   633 | D:6      | Reached ** piety under Trog
   655 | D:6      | Found a hide-covered altar of Uskayaw.
   723 | D:7      | Reached skill level 9 in Axes
   845 | D:7      | Reached XP level 7. HP: 32/57 MP: 6/6
   859 | D:7      | Reached skill level 10 in Axes
   872 | D:8      | Noticed a death yak
   873 | D:8      | ????
   925 | D:7      | Reached skill level 4 in Fighting
   935 | D:7      | HP: 13/88 [orc warrior/hand axe (12)]
  1046 | D:7      | Noticed a hippogriff
  1055 | D:7      | Killed a hippogriff
  1055 | D:7      | Reached skill level 3 in Armour
  1055 | D:7      | Reached skill level 3 in Dodging
  1055 | D:7      | Reached XP level 8. HP: 48/67 MP: 7/7
  1061 | D:7      | Noticed a hippogriff
  1109 | D:7      | Killed a hippogriff
  1109 | D:7      | Reached skill level 5 in Fighting
  1133 | D:7      | Reached skill level 11 in Axes
  1257 | D:8      | Noticed a death yak
  1260 | D:8      | Noticed a death yak
  1294 | D:6      | Reached skill level 4 in Armour
  1328 | D:8      | Reached skill level 6 in Fighting
  1412 | D:8      | Reached skill level 4 in Dodging
  1616 | D:9      | Found a burning altar of Makhleb.
  1741 | D:8      | Noticed a two-headed ogre
  1777 | D:9      | Reached skill level 7 in Fighting
  1780 | D:9      | Reached XP level 9. HP: 79/79 MP: 8/8
  1792 | D:9      | Reached skill level 5 in Armour
  1793 | D:9      | Found a staircase to the Orcish Mines.
  1793 | D:9      | Noticed a troll
  1806 | D:9      | HP: 19/118 [troll (6)]
  1809 | D:9      | HP: 9/118 [orc warrior/trident (3)]
  1810 | D:9      | HP: 4/118 [orc warrior/trident (6)]
  1810 | D:9      | Slain by a troll

Vault maps used:
D:1:      lightli_iron_boxes, minmay_split_cup_small
D:2:      minmay_misc_feat_secret_circle
D:3:      minmay_misc_feat_four_crosses, uniq_sigmund
D:4:      portal_sewer_entry_d, uniq_duvessa, uniq_robin
D:5:      minmay_temple_entry_purple_smoke, first_ration,
          uniq_crazy_yiuf_cottage, uniq_ijyb, uniq_pikel
D:6:      eat_drink_and_be_merry_uskayaw, nemelex_dance_club_becter,
          uniq_blork_the_orc, uniq_menkaure
D:8:      dpeg_lair_monsters, serial_shops, nicolae_shop_window_shopping,
          hangedman_pestilent_swarm, st_stairs_1, minmay_misc_feat_diagonals,
          lemuel_hellish_altar, uniq_joseph
D:9:      grunt_temple_overflow_octagram, old_standard_altar,
          nicolae_tso_swordbearing_angel,
          kennysheep_orc_monster_closet_entryway, st_stairs_3

Skill      XL: |  1  2  3  4  5  6  7  8  9 |
---------------+----------------------------+-----
Axes           | 4 5 6 7 8 9 10 11 | 11.9
Fighting       | 4 7 |  7.4
Armour         | 3 4 5 |  5.0
Dodging        | 3 4 |  4.0

Action                   |  1- 3 |  4- 6 |  7- 9 || total
-------------------------+-------+-------+-------++-------
Melee: Hand axe          |    46 |    53 |   159 ||   258
       Headbutt          |    11 |     6 |    29 ||    46
Invok: Berserk           |     1 |     2 |     4 ||     7
       Trog's Hand       |       |     1 |     1 ||     2
  Use: Potion            |     1 |       |     2 ||     3
       Scroll            |       |       |     1 ||     1
  Eat: Chunk             |       |     3 |     6 ||     9
Armor: Animal skin       |     4 |       |       ||     4
       Ring mail         |    13 |       |       ||    13
       Scale mail        |     2 |    16 |    35 ||    53
       Skin              |     1 |       |    38 ||    39
       Plate armour      |       |       |    19 ||    19
Dodge: Dodged            |    29 |    25 |    65 ||   119

Table legend:
 A = Spawn XP
 B = Non-spawn XP
 C = Spawn XP percentage of total XP
 D = Spawn monster count
 E = Non-spawn monster count
 F = Spawn count percentage of total count
 G = Total turns spent on level
                    A         B        C        D         E        F      G
               +---------+---------+-------+---------+---------+-------+---------
         Total |       0 |    3197 |   0.0 |       0 |      75 |   0.0 |  1810
               +---------+---------+-------+---------+---------+-------+---------
           D:2 |       0 |      32 |   0.0 |       0 |      10 |   0.0 |   149
           D:3 |       0 |      26 |   0.0 |       0 |       5 |   0.0 |    59
           D:4 |       0 |       7 |   0.0 |       0 |       2 |   0.0 |    42
           D:5 |       0 |      34 |   0.0 |       0 |       1 |   0.0 |   156
           D:6 |       0 |     611 |   0.0 |       0 |      14 |   0.0 |   298
           D:7 |       0 |    1342 |   0.0 |       0 |      23 |   0.0 |   702
           D:8 |       0 |     384 |   0.0 |       0 |      11 |   0.0 |   153
           D:9 |       0 |     761 |   0.0 |       0 |       9 |   0.0 |   195
               +---------+---------+-------+---------+---------+-------+---------
